 Dungeon Crawl Stone Soup version 0.20.1-1-g8b1a95d (webtiles) character file.

13 Monsterracer the Insei (level 2, -1/21 HPs)
             Began as a Barachi Transmuter on Oct 23, 2017.
             Hit by a stone thrown by a gnoll (5 damage)
             ... on level 1 of the Dungeon.
             The game lasted 00:01:07 (565 turns).

Monsterracer the Insei (Barachi Transmuter)          Turns: 565, Time: 00:01:08

Health: -1/21      AC:  2    Str: 11    XL:     2   Next: 37%
Magic:  1/5        EV: 12    Int: 13    God:
Gold:   0          SH:  0    Dex: 12    Spells: 2/5 levels left

rFire    x . .     SeeInvis .     - Unarmed
rCold    + . .     Gourm    .   (no shield)
rNeg     . . .     Faith    .   b - +0 robe
rPois    .         Spirit   .   (no helmet)
rElec    .         Reflect  .   (no cloak)
rCorr    .         Harm     .   (no gloves)
MR       .....                  (no boots)
Stlth    +.........             (no amulet)
Regen    0.1/turn               e - ring of ice
MPRegen  0.1/turn               (no ring)

@: slow
A: +LOS, swims, slowness 1, strong legs 1
a: Hop


You were on level 1 of the Dungeon.
You were not hungry.

You visited 1 branch of the dungeon, and saw 1 of its levels.

Inventory:

Missiles
 a - 24 arrows
Armour
 b - a +0 robe (worn)
Jewellery
 e - a ring of ice (left hand)
Potions
 f - a potion of brilliance {unknown}
Books
 c - a book of Changes

   Spells                             Type                      Level
   a - Beastly Appendage              Transmutation                1
   b - Sticks to Snakes               Transmutation                2
   c - Spider Form                    Transmutation/Poison         3
   d - Ice Form                       Ice/Transmutation            4
   e - Blade Hands                    Transmutation                5
Comestibles
 d - 2 bread rations


   Skills:
 - Level 1.2 Fighting
 - Level 2.1 Dodging
 + Level 3.6 Unarmed Combat
 - Level 2.1 Spellcasting
 + Level 2.9 Transmutations


You had 2 spell levels left.
You knew the following spells:

 Your Spells              Type           Power        Failure   Level  Hunger
a - Beastly Appendage     Tmut           #.....       8%          1    ##.....
b - Sticks to Snakes      Tmut           #.......     12%         2    ###....


Dungeon Overview and Level Annotations

Branches:
Dungeon (1/15)

Altars:


Innate Abilities, Weirdness & Mutations

Shadows flee at your approach. (+LOS)
You can swim through water.
You cover ground slowly.
You can hop short distances.


Message History

The frilled lizard misses you.
A frilled lizard is nearby!
You hit the frilled lizard.
You kill the frilled lizard!
No target in view!
No target in view!
Found a stone staircase leading down.
A leopard gecko comes into view.
A leopard gecko is nearby!
The helpless leopard gecko fails to defend itself.
You hit the leopard gecko.
The leopard gecko is severely wounded.
The leopard gecko bites you.
Damage: -9%(-2hp) hp: 91%(19hp)
You closely miss the leopard gecko.
The leopard gecko is severely wounded.
The leopard gecko barely misses you.
You hit the leopard gecko.
You kill the leopard gecko!
Key pressed, stopping explore.
No target in view!
No target in view!
You open the door.
A dart slug comes into view.
There is an open door here.
A dart slug is nearby!
Found a pair of runed gloves.
A gnoll comes into view. It is wielding a spear.
A ball python comes into view.
The gnoll shouts!
The ball python hisses angrily.
The gnoll throws a stone.
The stone hits you.
A bat comes into view.
You see here a stone.
Damage: -4%(-1hp) hp: 96%(20hp)
The gnoll throws a stone.
The stone misses you.
Found a stone staircase leading down.
You see here a stone.
The ball python closely misses you. x2
You barely miss the ball python. The ball python closely misses you.
The ball python grabs you. The ball python constricts you.
You closely miss the ball python. The ball python bites you.
The ball python constricts you.
Damage: -9%(-2hp) hp: 91%(19hp)
You hit the ball python.
You kill the ball python!
The gnoll throws a stone.
The stone hits you!
Huge Dmg: -33%(-7hp) hp: 58%(12hp)
There is an open door here.
The gnoll throws a stone.
The stone barely misses you.
Casting: Beastly Appendage
Confirm with . or Enter, or press ? or * to list all spells.
You create a snake!
You now have 25 arrows.
The gnoll throws a stone.
The stone barely misses your ball python.
The stone hits you.
* * * LOW HITPOINT WARNING * * *
Huge Dmg: -15%(-3hp) hp: 43%(9hp)
Casting: Sticks to Snakes
Confirm with . or Enter, or press ? or * to list all spells.
You create a snake!
You now have 24 arrows.
The gnoll throws a stone.
The stone barely misses your ball python.
The stone barely misses you. What are your orders? t - Ribbit!
Orders for allies: a - Attack new target. r - Retreat! s - Stop attacking. g - Guard the area. f - Follow me.
Anything else - Cancel.
Follow me!
The gnoll throws a stone.
The stone completely misses your ball python.
The stone closely misses you.
The gnoll throws a stone.
The stone barely misses your ball python.
The stone hits you.
* * * LOW HITPOINT WARNING * * *
You see here a stone.
Huge Dmg: -28%(-6hp) hp: 15%(3hp)
The gnoll throws a stone.
The stone barely misses your ball python.
The stone barely misses you.
The gnoll throws a stone.
The stone misses your ball python. The stone completely misses you.
The gnoll throws a stone.
The stone hits your ball python. What are your orders? t - Ribbit!
Orders for allies: a - Attack new target. r - Retreat! s - Stop attacking. g - Guard the area. f - Follow me.
Anything else - Cancel.
Gang up on whom?
Press: ? - help, Dir - move target cursor, f - gnoll
Aim: a gnoll, wielding a spear Attack!
The gnoll throws a stone.
The stone barely misses your ball python.
The stone barely misses you.
You see here a stone.
The gnoll throws a stone.
The stone barely misses your ball python. x2
The stone hits you.
You die...

# .. ########## ...#
#........# >.. #........# ..
#........#
#.######........########
#...wg(SS@(.((..#......#
.........####...............#
#........# ########........#
#...[..#.# #..###.###
##...g.... #....#.###
.......##. ######...# #.....
. #....#.# #.....
.############.##.#.#. #.....
......................


You could see a gnoll, a dart slug and 2 friendly ball pythons.

Vanquished Creatures
  A leopard gecko (D:1)
  2 giant cockroaches (D:1)
  A kobold (D:1)
  A ball python (D:1)
  3 frilled lizards (D:1)
  6 rats (D:1)
14 creatures vanquished.

Notes
Turn   | Place    | Note
-------+----------+-------------------------------------------
     0 | D:1      | Monsterracer the Barachi Transmuter began the quest for the Orb.
     0 | D:1      | Reached XP level 1. HP: 15/15 MP: 3/3
    68 | D:1      | HP: 4/15 [kobold (4)]
    69 | D:1      | HP: 1/15 [kobold (3)]
   351 | D:1      | Reached XP level 2. HP: 18/21 MP: 3/5
   398 | D:1      | Learned a level 2 spell: Sticks to Snakes
   557 | D:1      | HP: 9/21 [gnoll/stone (3)]
   560 | D:1      | HP: 3/21 [gnoll/stone (6)]
   565 | D:1      | Hit by a stone thrown by a gnoll

Action                   || total
-------------------------++-------
Melee: Unarmed           ||    47
       Punch             ||     2
       Headbutt          ||     1
 Cast: Beastly Appendage ||     3
       Sticks to Snakes  ||     2
 Abil: Hop               ||     1
 Stab: Sleeping          ||     1
Armor: Robe              ||     4
Dodge: Dodged            ||    37

Vault maps used:
D:1:      dpeg_arrival_prison
